 Dungeon Crawl Stone Soup version 0.31.0-12-g77e489cdc1 (webtiles) character file.

Game seed: 13683461160974299167

70539 Gadfly the Martial Artist (level 14, -5/113 HPs)
             Began as a Demonspawn Monk on Feb 23, 2024.
             Was a Follower of Ru.
             Slain by an orc warlord
             ... wielding a +2 great mace of draining
              (20 damage)
             ... on level 1 of the Orcish Mines.
             The game lasted 00:30:50 (20730 turns).

Gadfly the Martial Artist (Demonspawn Monk)        Turns: 20730, Time: 00:30:53

Health: -5/113     AC: 16    Str: 21    XL:     14   Next: 94%
Magic:  6/6        EV: 23    Int: 11    God:    Ru [*.....]
Gold:   1432       SH:  0    Dex: 17    Spells: 7/13 levels left

rFire   . .          .
                       - Unarmed
rCold   . . .        (no shield)
rNeg    + + +        B - +2 robe {rN+}
rPois   .            (helmet unavailable)
rElec   .            h - +2 cloak
rCorr   .            n - +0 pair of gloves
SInv    .            m - +3 pair of boots of Sif Muna's Envy {rN+++ MP-9}
Will    +....        I - amulet of faith Stlth
                     N - +6 ring of strength
HPRegen 0.38/turn    z - +4 ring of protection
MPRegen 0.10/turn

%: repel missiles, faith
@: no status effects
A: horns 3, repulsion field 3, demonic guardian 1, spiny 2, no stealth,
disrupted magic 1, high MP 1
a: Renounce Religion


You were on level 1 of the Orcish Mines.
You worshipped Ru.
Ru was aware of your devotion.
You visited 4 branches of the dungeon, and saw 18 of its levels.
You also visited: Gauntlet.

You collected 1529 gold pieces.
You spent 97 gold pieces at shops.

Inventory:

Hand Weapons
 b - a +3 dagger of venom
 J - a +3 long sword of venom
 P - a +1 scimitar of flaming
Armour
 c - an orb of light
 h - a +2 cloak (worn)
 m - the +3 pair of boots of Sif Muna's Envy (worn) {rN+++ MP-9}
   (You found it on level 5 of the Lair of Beasts)

   rN+++:     It renders you almost immune to negative energy.
   MP-9:      It affects your magic capacity (-9).
 n - a +0 pair of gloves (worn)
 B - a +2 robe of positive energy (worn)
 O - a scarf of harm
Jewellery
 l - a +5 ring of evasion
 s - a ring of poison resistance
 t - the amulet of Ascent {Regen+ Str+3}
   (You found it on level 5 of the Dungeon)

   [amulet of regeneration]

   Str+3:     It affects your strength (+3).
   Regen+:    It increases your rate of health regeneration.
 v - a ring of protection from cold
 w - an amulet of the acrobat
 z - a +4 ring of protection (right hand)
 I - an amulet of faith (around neck)
 K - the amulet of the Princeling {RegenMP rPois Stlth+}
   (You took it off a centaur warrior on level 8 of the Dungeon)

   [amulet of magic regeneration]

   RegenMP:   It increases your rate of magic regeneration.
   rPois:     It protects you from poison Stlth+: It makes you more stealthy.
 N - a +6 ring of strength (left hand)
Wands
 o - a wand of paralysis (5)
 q - a wand of roots (32)
 x - a wand of light (25)
 A - a wand of mindburst (22) (quivered)
Scrolls
 a - 2 scrolls of identify
 k - 3 scrolls of fog
 r - 6 scrolls of teleportation
 y - a scroll of enchant weapon
 D - a scroll of enchant armour
 E - a scroll of blinking
 F - 3 scrolls of fear
 M - a scroll of poison
Potions
 d - 6 potions of ambrosia
 e - 3 potions of cancellation
 f - 2 potions of attraction
 g - 2 potions of enlightenment
 i - 6 potions of curing
 j - a potion of mutation
 p - 2 potions of lignification
 u - 3 potions of might
 G - a potion of haste
 H - 2 potions of resistance
Miscellaneous
 C - a phial of floods
 L - a phantom mirror (inert)


   Skills:
 + Level 11.2 Fighting
 + Level 12.4 Dodging
 * Level 13.3 Unarmed Combat
 * Level 10.6 Evocations
 + Level 10.0 Shapeshifting


You had 7 spell levels left.
You knew the following spells:

 Your Spells              Type           Power      Damage    Failure   Level
a - Confusing Touch       Hex            0%         N/A       78%         3
b - Passwall              Erth           0%         N/A       78%         3

Your spell library contained the following spells:

 Spells                   Type           Power      Damage    Failure   Level
 Kiss of Death            Conj/Necr      0%         2d5       43%         1
 Sandblast                Erth           0%         2d4       43%         1
 Stone Arrow              Conj/Erth      0%         3d7       78%         3
 Tukima's Dance           Hex            0%         N/A       78%         3
 Anguish                  Hex/Necr       0%         N/A       99%         4
 Brom's Barrelling Bould  Conj/Erth      0%         2d3       99%         4
 Cause Fear               Hex            0%         N/A       99%         4
 Dispel Undead            Necr           0%         3d6       99%         4
 Leda's Liquefaction      Alch/Erth      0%         N/A       99%         4
 Passage of Golubria      Tloc           0%         N/A       99%         4
 Fireball                 Conj/Fire      0%         3d3       100%        5
 Lee's Rapid Deconstruct  Erth           0%         3d4*      100%        5
 Summon Forest            Summ/Tloc      0%         N/A       100%        5
 Yara's Violent Unravell  Hex/Alch       0%         3d3       100%        5
 Bombard                  Conj/Erth      0%         9d1       100%        6
 Eringya's Noxious Bog    Alch           0%         4d6       100%        6
 Enfeeble                 Hex            0%         N/A       100%        7
 Summon Hydra             Summ           0%         N/A       100%        7
 Dragon's Call            Summ           0%         N/A       100%        9


Dungeon Overview and Level Annotations

Branches:
Dungeon (11/15)            Temple (1/1) D:5            Lair (5/5) D:9
 Shoals (0/4) Lair:3        Snake (0/4) Lair:2        Slime (0/5) Lair:4
    Orc (1/2) D:10        Gauntlet (visited)

Altars:
Ashenzari
Cheibriados
Dithmenos
Fedhas
Gozag
Hepliaklqana
Kikubaaqudgha
Makhleb
Nemelex Xobeh
Okawaru
Qazlal
Ru
Sif Muna
Trog
Uskayaw
Vehumet
Wu Jian
Xom
Yredelemnul

Shops:
D:3 *

Annotations:
D:3 Ijyb
Lair:4 2 transporters, Destinykillz's ghost, journeyman TrFi


Innate Abilities, Weirdness & Mutations

You have a pair of large horns on your head.
You are surrounded by a strong repulsion field. (EV +4, RMsl)
A weak demonic guardian rushes to your aid.
You are mostly covered in sharp spines.
You cannot be stealthy.
Your casting is slightly disrupted.
You have an increased reservoir of magic. (+10% MP)


Message History

The warg is heavily wounded.
The orc warrior completely misses you.
Unknown command.
You hit the warg but do no damage.
The warg is heavily wounded.
The orc priest looks satisfied for a moment.
The orc warrior misses you. The warg is struck by your spines.
The warg bites you!
A demonic guardian appears!
Unknown command.
Unknown command.
You are too injured to fight recklessly!
You are too injured to fight recklessly!
Unknown command.
The warg attacks as it pursues you! The warg is struck by your spines.
The warg closely misses you.
The orc priest begins to pray, but is stunned by your conviction!
The orc warrior is struck by your spines.
The orc warrior completely misses you.
The orc warlord hits you with a +2 great mace of draining!
* * * LOW HITPOINT WARNING * * *
Things that are here:
a +0 dagger; an orc corpse
Aiming: Phantom Mirror
Press: ? - help, Dir - move target, f - orc warlord
Aim: an orc warlord, wielding a +2 great mace of draining and wearing a +0 chain mail of cold resistance (moderately wounded)
You reflect the orc warlord with the mirror!
The mirror clouds!
The warg completely misses you.
Your ufetubus hits the warg.
Your ufetubus hits the warg but does no damage.
The orc warrior is struck by your spines.
The orc warrior completely misses you.
The orc priest invokes the aid of Beogh against you.
Beogh smites you!
* * * LOW HITPOINT WARNING * * *
The orc warrior hits your orc warlord with a +0 flail!
Your orc warlord hits the orc warrior with a +2 great mace of draining!!
Your orc warlord drains the orc warrior.
The orc warrior dies!
The orc warlord is struck by your spines.
The orc warlord hits you with a +2 great mace of draining!!
You die...

#. #....##.#.###
##.##.)...........
#...$).)..#.......
#..#..........
###..........
###..)......#
##.#.......###.#
#......5........
##.....@ho......
###.#oooo.....#
#......C>...###.
##.....#T.o.#....
#................
##..#.......#....
#####.....#.....
## ###............
##.##..)))).)....#


You could see an orc warlord, an ettin, a troll, a warg (distracted, ally
target), 2 orc warriors, 2 orc priests, a friendly orc warlord (summoned,
drained) and a friendly ufetubus (summoned).

Vanquished Creatures
  An ice dragon (Lair:5)
  A catoblepas (Lair:5)
  6 hydras
  7 two-headed ogres
  A centaur warrior (D:8)
  7 death yaks (Lair:5)
  A boulder beetle (D:8)
  2 tengu warriors (D:8)
  The ghost of knightboat the Cleaver, a novice MiFi of Trog (D:7)
  2 skysharks
  A swamp dragon (Lair:5)
  Pikel (D:7)
  2 lindwurms (Lair:5)
  A necromancer (Lair:2)
  2 manticores (Lair:5)
  An orc sorcerer (Orc:1)
  4 cyclopes
  18 elephants
  10 black mambas
  2 torpor snails
  8 rime drakes
  11 cane toads
  An efreet (D:8)
  19 komodo dragons
  A troll (D:11)
  A queen bee (Orc:1)
  4 polar bears
  2 hornets (Lair:5)
  14 blink frogs
  A snapping turtle (Lair:3)
  2 dream sheep (Lair:5)
  A wraith (D:10)
  A shadow (D:10)
  7 wyverns
  A water elemental (Lair:3)
  5 basilisks (Lair:2)
  2 steam dragons
  2 wargs (Orc:1)
  47 yaks
  Grum (D:10)
  3 acid dragons
  22 water moccasins
  3 ice beasts
  7 orc warriors
  A swamp drake (Lair:5)
  4 black bears
  6 boggarts
  19 wolves
  5 ogres
  4 centaurs (D:9)
  A kobold brigand (D:7)
  A brain worm (D:5)
  19 bullfrogs
  A gnoll sergeant (D:4)
  3 scorpions
  5 wights (D:10)
  46 killer bees
  3 electric eels
  4 howler monkeys
  2 bombardier beetles
  A jelly (D:7)
  4 hounds
  8 orc priests
  Terence (D:3)
  A sleepcap (D:8)
  Natasha (thrice) (D:2)
  9 iguanas
  12 orc wizards
  2 yak simulacra (Lair:2)
  3 polar bear simulacra (Lair:2)
  2 wolf simulacra (Lair:2)
  11 adders
  9 gnolls (D:4)
  A shadow imp (D:8)
  4 ufetubi
  2 dart slugs
  A ribbon worm (D:3)
  46 orcs
  9 ball pythons
  7 bats
  6 endoplasms
  2 giant cockroaches
  9 goblins
  16 hobgoblins
  9 jackals
  18 kobolds
  4 frilled lizards
  6 rats
  4 river rat simulacra (Lair:2)
571 creatures vanquished.

Vanquished Creatures (collateral kills)
  A hydra (Lair:3)
  A catoblepas (Lair:1)
  A torpor snail (Lair:5)
  A komodo dragon (D:9)
  An orc warrior (Orc:1)
  An ogre (D:6)
  An orc priest (D:5)
  A sleepcap (D:6)
  An orc (D:7)
9 creatures vanquished.

Vanquished Creatures (others)
  A death yak (Lair:5)
  An orc (Orc:1)
2 creatures vanquished.

Grand Total: 582 creatures vanquished

Notes
Turn   | Place    | Note
-------+----------+-------------------------------------------
     0 | D:1      | Gadfly the Demonspawn Monk began the quest for the Orb.
     0 | D:1      | Reached XP level 1. HP: 18/18 MP: 1/1
    91 | D:1      | Gained mutation: You are surrounded by a mild repulsion
                  | field. (EV +2) [demonic ancestry]
    91 | D:1      | Reached XP level 2. HP: 15/24 MP: 2/2
   263 | D:1      | Reached skill level 1 in Evocations
   472 | D:1      | Found a faded altar of an unknown god.
   608 | D:1      | Gained mutation: You are partially covered in sharp spines.
                  | [demonic ancestry]
   608 | D:1      | Reached XP level 3. HP: 26/29 MP: 3/3
   834 | D:2      | Reached skill level 1 in Shapeshifting
  1068 | D:2      | Reached XP level 4. HP: 31/35 MP: 4/4
  1294 | D:2      | Noticed Natasha
  1302 | D:2      | Killed Natasha
  1303 | D:2      | Reached skill level 3 in Unarmed Combat
  1684 | D:2      | Noticed Natasha
  1692 | D:2      | Killed Natasha
  2220 | D:2      | Noticed Natasha
  2231 | D:2      | Killed Natasha
  2232 | D:2      | Reached XP level 5. HP: 29/41 MP: 5/5
  2347 | D:3      | Noticed Terence
  2359 | D:3      | Killed Terence
  2468 | D:3      | Noticed Ijyb
  2671 | D:3      | Found Dihiam's Assorted Antiques.
  2675 | D:3      | Bought a scroll labelled IWISOQ ILEOZEF for 25 gold pieces
  2675 | D:3      | Bought a scroll labelled REUSAQIFUANG for 25 gold pieces
  2675 | D:3      | Bought a scroll labelled OKOUSTR SUCVOF for 25 gold pieces
  2675 | D:3      | Bought a green potion for 22 gold pieces
  3088 | D:4      | Gained mutation: A weak demonic guardian rushes to your
                  | aid. [demonic ancestry]
  3088 | D:4      | Reached XP level 6. HP: 39/48 MP: 6/6
  3411 | D:4      | You fall into a shaft and drop 2 floors!
  3465 | D:6      | Gained mutation: You have a pair of small horns on your
                  | head. [demonic ancestry]
  3465 | D:6      | Reached XP level 7. HP: 50/54 MP: 7/7
  3921 | D:6      | Reached skill level 4 in Unarmed Combat
  4240 | D:6      | Noticed a cyclops
  4256 | D:6      | Gained mutation: You have a pair of horns on your head.
                  | [demonic ancestry]
  4256 | D:6      | Reached XP level 8. HP: 60/61 MP: 8/8
  4281 | D:6      | Killed a cyclops
  4282 | D:6      | Reached skill level 5 in Fighting
  4282 | D:6      | Reached skill level 5 in Evocations
  4458 | D:5      | Entered Level 5 of the Dungeon
  4476 | D:5      | Found a shimmering altar of Xom.
  4481 | D:5      | Found a shimmering altar of Xom.
  4483 | D:5      | Found a shimmering altar of Xom.
  4553 | D:5      | Identified the amulet of Ascent {Regen+ Str+3}
  4559 | D:5      | Found a staircase to the Ecumenical Temple.
  4575 | Temple   | Entered the Ecumenical Temple
  5633 | D:5      | Reached skill level 5 in Dodging
  5633 | D:5      | Reached skill level 5 in Shapeshifting
  5633 | D:5      | Gained mutation: You are surrounded by a moderate repulsion
                  | field. (EV +3) [demonic ancestry]
  5633 | D:5      | Reached XP level 9. HP: 46/68 MP: 9/9
  5667 | D:5      | Found a shimmering altar of Xom.
  5673 | D:5      | Found a shimmering altar of Xom.
  6131 | D:7      | Noticed a cyclops
  6145 | D:7      | Killed a cyclops
  6146 | D:7      | Reached skill level 5 in Unarmed Combat
  6239 | D:7      | Noticed Pikel
  6252 | D:7      | Killed Pikel
  6486 | D:7      | Gained mutation: You are surrounded by a strong repulsion
                  | field. (EV +4, RMsl) [demonic ancestry]
  6486 | D:7      | Reached XP level 10. HP: 72/77 MP: 10/10
  6515 | D:7      | Found a sparkling altar of Nemelex Xobeh.
  6562 | D:7      | Found a large runed translucent door.
  6562 | D:7      | Found a large runed translucent door.
  6775 | D:7      | Noticed knightboat's ghost (novice MiFi)
  7318 | D:8      | Noticed a tengu warrior
  7318 | D:8      | Noticed a cyclops
  7318 | D:8      | Noticed a tengu warrior
  7319 | D:8      | Found a runed translucent door.
  7320 | D:8      | Identified the amulet of the Princeling {RegenMP rPois
                  | Stlth+}
  7320 | D:8      | Noticed a centaur warrior
  7321 | D:8      | Noticed a boulder beetle
  7321 | D:8      | Noticed an eight-headed hydra
  7321 | D:8      | Noticed a cyclops
  7350 | D:8      | Gained mutation: You have an increased reservoir of magic.
                  | (+10% MP) [potion of mutation]
  7505 | D:7      | Killed knightboat's ghost
  7506 | D:7      | Reached skill level 6 in Unarmed Combat
  8091 | D:9      | Reached skill level 7 in Unarmed Combat
  8172 | D:9      | Found a hazy altar of Hepliaklqana.
  8211 | D:9      | Gained mutation: You are mostly covered in sharp spines.
                  | [demonic ancestry]
  8211 | D:9      | Reached XP level 11. HP: 84/84 MP: 12/12
  8223 | D:9      | Found a staircase to the Lair.
  8596 | D:10     | Entered Level 10 of the Dungeon
  8614 | D:10     | Noticed Grum
  8627 | D:10     | Killed Grum
  8723 | D:10     | Noticed a two-headed ogre
  8731 | D:10     | Killed a two-headed ogre
  8845 | D:10     | Found a staircase to the Orcish Mines.
  8863 | D:10     | Noticed a two-headed ogre
  8872 | D:10     | Killed a two-headed ogre
  8873 | D:10     | Reached skill level 8 in Unarmed Combat
  8920 | D:10     | Noticed a two-headed ogre
  8929 | D:10     | Killed a two-headed ogre
  9068 | D:10     | Found a shadowy altar of Dithmenos.
  9071 | D:10     | Found an ornate altar of the Wu Jian Council.
  9077 | D:10     | Found a sacrificial altar of Ru.
  9079 | D:10     | Found a snail-covered altar of Cheibriados.
  9080 | D:10     | Found an ancient bone altar of Kikubaaqudgha.
  9082 | D:10     | Became a worshipper of Ru the Awakened
  9084 | D:10     | Found a broken altar of Ashenzari.
  9418 | D:10     | Noticed a two-headed ogre
  9418 | D:10     | Noticed a two-headed ogre
  9429 | D:10     | Noticed a two-headed ogre
  9435 | D:10     | Killed a two-headed ogre
  9444 | D:10     | Killed a two-headed ogre
  9593 | D:11     | Found a gate leading to a gauntlet.
  9602 | D:11     | Noticed a two-headed ogre
  9611 | D:11     | Killed a two-headed ogre
  9618 | Gauntlet | Entered a Gauntlet
  9618 | Gauntlet | Found a transporter.
  9618 | Gauntlet | Found a transporter.
  9638 | Gauntlet | Noticed a necromancer
  9666 | Gauntlet | Found a transporter.
  9668 | Gauntlet | Found a transporter.
  9668 | Gauntlet | Noticed a death drake
  9674 | Gauntlet | Noticed a death scarab
  9675 | Gauntlet | Noticed a death scarab
  9676 | Gauntlet | Found a transporter.
  9683 | Gauntlet | Noticed a glowing orange brain
  9684 | Gauntlet | Noticed a sixfirhy
  9686 | Gauntlet | Found a transporter.
  9686 | Gauntlet | Found a transporter.
  9686 | Gauntlet | Noticed a glowing orange brain
  9686 | Gauntlet | Noticed a green ugly thing
  9688 | Gauntlet | Noticed a sixfirhy
  9688 | Gauntlet | Noticed a white ugly thing
  9701 | Gauntlet | Noticed a sixfirhy
  9710 | Gauntlet | Found a transporter.
  9717 | Gauntlet | Found a transporter.
  9729 | Gauntlet | Found a transporter.
  9747 | Gauntlet | Found a transporter.
  9765 | Gauntlet | Found a transporter.
  9811 | Gauntlet | Found a transporter.
  9813 | Gauntlet | Noticed a catoblepas
  9833 | Gauntlet | Found a transporter.
  9928 | Gauntlet | Found a transporter.
  9936 | Gauntlet | Noticed a blizzard demon
  9942 | Gauntlet | Found a transporter.
 10296 | Lair:1   | Entered Level 1 of the Lair of Beasts
 10346 | Lair:1   | Reached skill level 9 in Unarmed Combat
 10573 | Lair:1   | Reached XP level 12. HP: 94/94 MP: 13/13
 10780 | Lair:1   | Noticed a six-headed hydra
 10790 | Lair:1   | Killed a six-headed hydra
 11155 | Lair:1   | Noticed a catoblepas
 11178 | Lair:1   | Killed a catoblepas
 11637 | Lair:2   | Noticed a four-headed hydra
 11649 | Lair:2   | Killed a four-headed hydra
 11650 | Lair:2   | Reached skill level 10 in Dodging
 11659 | Lair:2   | Identified the staff "Esauruxa" {rElec rC+ Air}
 11771 | Lair:2   | Reached skill level 10 in Unarmed Combat
 12655 | Lair:2   | Found a staircase to the Snake Pit.
 12716 | Lair:2   | Reached XP level 13. HP: 101/101 MP: 14/14
 12958 | Lair:2   | Reached skill level 11 in Unarmed Combat
 13515 | Lair:3   | HP: 5/102 [six-headed hydra (6)]
 13822 | Lair:3   | Gained mutation: You cannot be stealthy. [Ru sacrifice]
 14116 | Lair:3   | Found a staircase to the Shoals.
 14602 | Lair:4   | Reached skill level 10 in Fighting
 15122 | Lair:4   | Found a staircase to the Slime Pits.
 15128 | Lair:4   | Found a transporter.
 15136 | Lair:4   | Noticed Destinykillz's ghost (journeyman TrFi)
 15306 | Lair:4   | Found a transporter.
 15345 | Lair:4   | Gained mutation: Your casting is slightly disrupted. [Ru
                  | sacrifice]
 15345 | Lair:4   | Reached * piety under Ru
 15763 | Lair:5   | Entered Level 5 of the Lair of Beasts
 15882 | Lair:5   | Reached skill level 12 in Unarmed Combat
 16206 | Lair:5   | HP: 2/104 [death yak (11)]
 16548 | Lair:5   | Gained mutation: You have a pair of large horns on your
                  | head. [demonic ancestry]
 16548 | Lair:5   | Reached XP level 14. HP: 71/111 MP: 15/15
 16570 | Lair:5   | Identified the +3 pair of boots of Sif Muna's Envy {rN+++
                  | MP-9}
 17756 | Lair:5   | Learned a level 3 spell: Confusing Touch
 17760 | Lair:5   | Learned a level 3 spell: Passwall
 18703 | Lair:5   | Identified the +4 scale mail of Wariness {rElec Str+2}
 18820 | Lair:5   | Reached skill level 10 in Evocations
 18937 | Lair:5   | Reached skill level 13 in Unarmed Combat
 20204 | D:8      | Identified the +5 quarterstaff of Sumoeteve {heavy, rPois
                  | Str-2 Int+4 Stlth+}
 20213 | D:8      | Identified the +2 halberd of Twilight {speed, rF+ rN+}
 20298 | Orc:1    | Entered Level 1 of the Orcish Mines
 20305 | Orc:1    | Reached skill level 10 in Shapeshifting
 20535 | Orc:1    | Found a bloodstained altar of Trog.
 20718 | Orc:1    | Noticed an orc warlord
 20730 | Orc:1    | Slain by an orc warlord

Illustrated notes

Levels and vault maps discovered:
D:1:      minmay_arrival_shattered_statue, layout_rooms,
          hellmonk_ecumenical_altar_dog_temple, minmay_octomino_c4
D:2:      minmay_wonky_spiral, layout_rooms, dreamdust_mushroom_princess,
          grunt_ministairs_7, uniq_natasha
D:3:      layout_rooms, serial_shops, nicolae_shop_tiny_real_fake_doors,
          minmay_diced_spiral, uniq_ijyb, uniq_terence
D:4:      cheibrodos_greedy_goblins, layout_basic, lightli_minifort
D:5:      nicolae_BIG_FREAKIN_CUBE, layout_loops_ring, xom_redecorated,
          minmay_temple_entry_glassed_door
D:6:      minmay_chambers_of_fours, layout_basic
D:7:      layout_cave_pools, lemuel_round_altar, ebering_ghost_disaster_area,
          uniq_pikel
D:8:      minmay_gate_of_8, layout_rooms
D:9:      layout_small_grid, worldfamousw_hep_ancestral_shrine,
          grunt_lair_entry_orc_guard_hut, hangedman_decor_peaks_small,
          kennysheep_generic_room_7
D:10:     layout_long_grid, nicolae_overflow_hallway_of_the_gods, orc_0_dummy,
          hangedman_abyss_or_decor_stabs, mrwooster_statue_mirror,
          nicolae_phantomly_mirrored, uniq_grum
D:11:     layout_basic, gauntlet_entry_generic, fountainhead,
          minmay_misc_feat_more_columns, minmay_gold_behind_fungi,
          nicolae_demonic_statue_gallery
Temple:   nicolae_temple_bog_church
Lair:1:   layout_cave_pods
Lair:2:   nzn_winding_woodlands_stair_trap [nzn_winding_woodlands_5x15_pool,
          nzn_winding_woodlands_5x15_twine, nzn_winding_woodlands_5x15_pockets,
          nzn_winding_woodlands_15x15_boxy_spiral,
          nzn_winding_woodlands_5x15_jagged,
          nzn_winding_woodlands_5x15_river_crossing,
          nzn_winding_woodlands_5x15_cabin], layout_regular_city,
          minmay_snake_entry_six_corridors, eino_house_with_fridge
Lair:3:   layout_gridlike, minmay_shoals_entry_hut, serial_bayou,
          serial_bayou_pond_d, serial_bayou_pond_d, serial_bayou_shore_b,
          serial_bayou_lake_a, lemuel_fruit_fields
Lair:4:   layout_regular_city, dpeg_slime_entry_enclosed, gammafunk_ghost_arena
Lair:5:   hangedman_lair_in_review, layout_small_grid, guppyfry_lair_end_dragon,
          kilobyte_rumbling_trees
Orc:1:    layout_caves, special_room [special_room_bee], basic_altar

Skill      XL: |  1  2  3  4  5  6  7  8  9 10 11 12 13 14 |
---------------+-------------------------------------------+-----
Evocations     | 1 2 3 4 6 7 8 10 | 10.6
Shapeshifting  | 1 2 3 5 6 7 8 9 10 | 10.0
Dodging        | 3 4 5 7 9 11 12 | 12.4
Unarmed Combat | 3 4 5 7 9 10 12 13 | 13.3
Fighting       | 4 5 6 7 8 9 10 11 | 11.2

Action                     |  1- 3 |  4- 6 |  7- 9 | 10-12 | 13-15 || total
---------------------------+-------+-------+-------+-------+-------++-------
  Melee: Unarmed           |    69 |    72 |   279 |   612 |   839 ||  1871
         Dagger            |    37 |    89 |       |       |       ||   126
         Headbutt          |       |       |    72 |   206 |   283 ||   561
         Punch             |       |       |       |       |    69 ||    69
 Invoke: Reject Sacrifices |       |       |       |     2 |     1 ||     3
         Sacrifice Essence |       |       |       |       |     1 ||     1
         Sacrifice Stealth |       |       |       |       |     1 ||     1
  Evoke: Wand              |       |       |       |     3 |     3 ||     6
         Phantom mirror    |       |       |       |       |     1 ||     1
    Use: Scroll            |     3 |    10 |     3 |     5 |     8 ||    29
         Potion            |       |     3 |       |     4 |     2 ||     9
   Stab: Distracted        |       |       |       |     1 |     1 ||     2
         Invisible         |       |       |       |     2 |       ||     2
         Petrified         |       |       |       |       |     3 ||     3
 Armour: Robe              |    59 |    60 |    79 |   236 |   387 ||   821
  Dodge: Dodged            |    94 |   149 |   230 |   651 |   893 ||  2017
         Repelled          |       |       |       |     4 |     9 ||    13
